 Dungeon Crawl Stone Soup version 0.29-a0-221-gceb61267dd (webtiles) character file.

Game seed: 5667974372434462411

539 drugrobin the Chopper (level 6, -2/79 HPs)
             Began as a Demigod Fighter on Feb 27, 2022.
             Slain by Duvessa
             ... wielding a +0 short sword
              (6 damage)
             ... on level 4 of the Dungeon.
             The game lasted 00:08:00 (4485 turns).

drugrobin the Chopper (Demigod Fighter)             Turns: 4485, Time: 00:08:01

Health: -2/79      AC: 19    Str: 25    XL:     6   Next: 75%
Magic:  8/8        EV:  7    Int: 20    God:
Gold:   246        SH:  4    Dex: 13    Spells: 5/5 levels left

rFire   . . .      SeeInvis .   a - +0 war axe
rCold   . . .      Faith    .   d - +0 buckler
rNeg    . . .      Spirit   .   w - +8 chain mail "Kesiuzati" {Int+4}
rPois   +          Reflect  .   u - +0 helmet
rElec   .          Harm     .   (no cloak)
rCorr   .          Rampage  .   e - +0 pair of gloves
Will    .....                   (no boots)
Stlth   ..........              (no amulet)
HPRegen 0.23/turn               r - +6 ring of intelligence
MPRegen 0.11/turn               o - ring of poison resistance

@: berserking, very quick
A: high MP 1, forlorn, divine attributes
a: no special abilities


You were on level 4 of the Dungeon.
You visited 1 branch of the dungeon, and saw 4 of its levels.

You collected 246 gold pieces.

Inventory:

Hand Weapons
 a - a +0 war axe (weapon)
 b - a +0 hunting sling
 c - a +0 spear of venom
Missiles
 i - 90 stones (quivered)
Armour
 d - a +0 buckler (worn)
 e - a +0 pair of gloves (worn)
 u - a +0 helmet (worn)
 w - the +8 chain mail "Kesiuzati" (worn) {Int+4}
   (You found it on level 4 of the Dungeon)

   Int:       It affects your intelligence (+4).
Magical Staves
 p - a staff of poison
Jewellery
 k - a ring of flight
 o - a ring of poison resistance (right hand)
 r - a +6 ring of intelligence (left hand)
Scrolls
 f - a scroll of teleportation {unknown}
 h - 2 scrolls of identify
 j - a scroll of silence {unknown}
 q - a scroll of immolation {unknown}
 t - 2 scrolls of amnesia {unknown}
 v - a scroll of summoning {unknown}
Potions
 g - 2 potions of curing
 l - a potion of berserk rage
 m - a potion of magic {unknown}
 n - a potion of brilliance {unknown}
 s - a potion of attraction {unknown}
 x - a potion of lignification {unknown}


   Skills:
 + Level 4.7 Fighting
 * Level 5.8 Axes
 - Level 2.6 Armour
 - Level 2.6 Shields


You had 5 spell levels left.
You didn't know any spells.
Your spell library contained the following spells:

 Spells                   Type           Power      Damage    Failure   Level
 Conjure Flame            Conj/Fire      0%         6-21      99%         3
 Ignite Poison            Fire/Tmut/Pois 0%         N/A       99%         3
 Mephitic Cloud           Conj/Pois/Air  0%         N/A       99%         3
 Sticky Flame             Conj/Fire      0%         2d3       100%        4
 Freezing Cloud           Conj/Ice/Air   0%         6-21      100%        5


Dungeon Overview and Level Annotations

Branches:
Dungeon (4/15)
 Temple: D:4-7

Shops:
D:2 (   D:4 [

Annotations:
D:4 Duvessa


Innate Abilities, Weirdness & Mutations

You have an increased reservoir of magic. (+10% MP)
You shall have no god before yourself.
Your divine heritage dramatically boosts your attributes as you level up.


Message History

You hit Duvessa.
Duvessa is heavily wounded.
Duvessa hits you with a +0 short sword!
* * * LOW HITPOINT WARNING * * *
Duvessa hits you but does no damage.
Unknown command.
You hit Duvessa but do no damage.
Duvessa is heavily wounded.
You block Duvessa's attack. Duvessa completely misses you.
Unknown command.
You slash Duvessa!
Duvessa is severely wounded.
Duvessa hits you with a +0 short sword.
* * * LOW HITPOINT WARNING * * *
Duvessa hits you but does no damage.
Unknown command.
Okay, then.
Unknown command.
You closely miss Duvessa.
Duvessa is severely wounded.
Duvessa hits you but does no damage. x2
Unknown command.
Unknown command.
Unknown command.
Unknown command.
It was a potion of berserk rage.
A red film seems to cover your vision as you go berserk!
You feel yourself moving faster!
You feel mighty! Duvessa hits you but does no damage.
You barely miss Duvessa.
Duvessa is severely wounded.
Duvessa hits you with a +0 short sword!
* * * LOW HITPOINT WARNING * * *
You barely miss Duvessa.
Duvessa is severely wounded.
You block Duvessa's attack. Duvessa hits you but does no damage.
You barely miss Duvessa.
Duvessa is almost dead.
Duvessa hits you with a +0 short sword.
You die...

############ ##
............####
##...#####..............#
.......e@..# #.#
##...####..# #e# ## #..#
#.# . #..# #.# .
#.#####..# #.# #........#
#.# #.#####.## #.# . #.#
##.##########.# .
#.####.........)...# .


You could see Duvessa (berserk, very poisoned).

Vanquished Creatures
  Pargi (D:4)
  Blork the orc (D:4)
  A scorpion (D:2)
  Dowan (D:4)
  An orc priest (D:4)
  2 hounds
  An orc wizard (D:4)
  An iguana (D:4)
  Robin (D:3)
  2 adders
  An ufetubus (D:4)
  4 worms
  2 dart slugs
  An orc (D:4)
  5 endoplasms
  A giant cockroach (D:1)
  18 goblins
  8 hobgoblins
  3 jackals (D:2)
  A quokka (D:1)
  11 ball pythons
  6 bats
  3 frilled lizards
  7 kobolds
  5 rats
88 creatures vanquished.

Notes
Turn   | Place    | Note
-------+----------+-------------------------------------------
     0 | D:1      | drugrobin the Demigod Fighter began the quest for the Orb.
     0 | D:1      | Reached XP level 1. HP: 18/18 MP: 3/3
    69 | D:1      | Reached skill level 2 in Axes
   199 | D:1      | Reached XP level 2. HP: 25/25 MP: 4/4
  1100 | D:2      | Reached skill level 3 in Axes
  1100 | D:2      | Reached XP level 3. HP: 24/31 MP: 5/5
  1193 | D:2      | Found Neg Uphi's Weapon Shop.
  2056 | D:3      | Reached XP level 4. HP: 33/38 MP: 6/6
  2185 | D:2      | Reached skill level 4 in Axes
  2409 | D:3      | Reached XP level 5. HP: 46/46 MP: 7/7
  2786 | D:4      | Noticed Pargi
  2801 | D:4      | Killed Pargi
  2971 | D:4      | Noticed Robin
  3119 | D:3      | Killed Robin
  3120 | D:3      | Reached skill level 5 in Axes
  3335 | D:4      | Noticed Blork the orc
  3613 | D:4      | Reached XP level 6. HP: 41/52 MP: 8/8
  3670 | D:4      | Identified the +8 chain mail "Kesiuzati" {Int+4}
  4049 | D:4      | Found Bextokha's Antique Armour Shop.
  4145 | D:4      | Killed Blork the orc
  4403 | D:4      | Noticed Dowan
  4433 | D:4      | Killed Dowan
  4456 | D:4      | Noticed Duvessa
  4485 | D:4      | Slain by Duvessa

Illustrated notes

Levels and vault maps discovered:
D:1:      pf_arrival_petrified_forest, layout_basic
D:2:      layout_rooms, serial_shops, shop, nicolae_ecumenical_snake_handling,
          kennysheep_doodads
D:3:      layout_basic
D:4:      layout_loops_ring, serial_shops, nicolae_take_the_stairs,
          kennysheep_generic_room_11, uniq_duvessa, uniq_pargi, uniq_sigmund,
          uniq_robin, uniq_blork_the_orc

Skill      XL: |  1  2  3  4  5 |
---------------+----------------+-----
Axes           | 2 3 4 5 |  5.8
Fighting       | 3 4 |  4.7
Armour         | |  2.6
Shields        | |  2.6

Action                   |  1- 3 |  4- 6 || total
-------------------------+-------+-------++-------
Melee: War axe           |   145 |   124 ||   269
       Spear             |       |    23 ||    23
 Fire: Hunting sling     |       |     1 ||     1
Throw: Throwing net      |       |     1 ||     1
       Stone             |       |     5 ||     5
  Use: Potion            |       |     2 ||     2
       Scroll            |       |     1 ||     1
Armor: Scale mail        |    69 |    55 ||   124
       Chain mail        |       |    44 ||    44
Dodge: Dodged            |    67 |    50 ||   117
Block: Buckler           |    24 |    36 ||    60

Table legend: (Time is in decaauts)
 A = Elapsed time spent in this place.
 B = Non-inter-level travel time spent in this place.
 C = Inter-level travel time spent in this place.
 D = Time resting spent in this place.
 E = Time spent auto-exploring this place.
 F = Levels seen in this place.
 G = Mean time per level.
                   A        B        C        D        E       F      G
               +--------+--------+--------+--------+--------+-----+--------+
         Total |   4577 |   4295 |    282 |    987 |   2422 |   4 | 1144.2 |
       Dungeon |   4577 |   4295 |    282 |    987 |   2422 |   4 | 1144.2 |
               +--------+--------+--------+--------+--------+-----+--------+

Top non-repeatable levels by time:
     D:4: 1273 daAuts
     D:3: 1191 daAuts
     D:1: 1118 daAuts
     D:2: 994 daAuts
